 Dungeon Crawl Stone Soup version 0.24.0-1-gfbc8707122 (webtiles) character file.

Game seed: 11213411214576241181, levelgen mode: deterministic

154 Arum the Slasher (level 5, -7/43 HPs)
             Began as a Demonspawn Gladiator on Oct 28, 2019.
             Splashed by an orc's acid (14 damage)
             ... on level 3 of the Dungeon.
             The game lasted 00:03:25 (2361 turns).

Arum the Slasher (Demonspawn Gladiator)             Turns: 2361, Time: 00:03:25

Health: -7/43      AC: 10    Str: 25    XL:     5   Next: 13%
Magic:  5/5        EV: 13    Int:  9    God:
Gold:   99         SH:  0    Dex: 14    Spells: 4/4 levels left

rFire    . . .     SeeInvis .   a - +0 long sword
rCold    . . .     Gourm    .   (no shield)
rNeg     . . .     Faith    .   r - +0 ring mail
rPois    .         Spirit   .   c - +0 helmet
rElec    .         Reflect  .   (no cloak)
rCorr    .         Harm     .   q - +0 pair of gloves
MR       .....                  n - +0 pair of boots
Stlth    +.........             (no amulet)
HPRegen  0.14/turn              m - +6 ring of strength
MPRegen  0.09/turn              t - +3 ring of strength

@: lightly drained
A: talons 1, rugged brown scales 2
a: no special abilities


You were on level 3 of the Dungeon.
You were not hungry.

You visited 1 branch of the dungeon, and saw 3 of its levels.

You collected 99 gold pieces.

Inventory:

Hand Weapons
 a - a +0 long sword (weapon)
Missiles
 d - 3 throwing nets (quivered)
Armour
 c - a +0 helmet (worn)
 n - a +0 pair of boots (worn)
 q - a +0 pair of gloves (worn)
 r - a +0 ring mail (worn)
Jewellery
 m - a +6 ring of strength (left hand)
 t - a +3 ring of strength (right hand)
 u - an uncursed ring of magical power
 w - a +4 ring of intelligence
Scrolls
 b - 2 scrolls of noise {unknown}
 e - 2 scrolls of remove curse {unknown}
 g - a scroll of random uselessness {unknown}
 i - a scroll of immolation {unknown}
 j - 4 scrolls of teleportation {unknown}
 k - 2 scrolls of magic mapping {unknown}
 p - a scroll of amnesia {unknown}
 s - a scroll of fog {unknown}
Potions
 h - a potion of agility {unknown}
 l - a potion of might {unknown}
 o - 2 potions of mutation {unknown}
Comestibles
 f - 7 rations
 v - 5 chunks of flesh


   Skills:
 + Level 3.4 Fighting
 + Level 3.8 Long Blades
 - Level 1.7 Throwing
 + Level 3.7 Dodging


You had 4 spell levels left.
You didn't know any spells.
Your spell library was empty.

Dungeon Overview and Level Annotations

Branches:
Dungeon (3/15)

Altars:


Innate Abilities, Weirdness & Mutations

You have sharp toenails.
You are mostly covered in rugged brown scales. (AC +2, +5% HP)


Message History

An orc comes into view.
It is wielding a +0 club and carrying a wand of acid (11).
The orc shouts!
The orc zaps a wand.
The bolt of acid hits you!
You are splashed with acid!
You are too injured to fight recklessly!
You are too injured to fight recklessly!
You are too injured to fight recklessly!
You are too injured to fight recklessly!
You are too injured to fight recklessly!
You are too injured to fight recklessly!
You are too injured to fight recklessly!
You are too injured to fight recklessly!
You are too injured to fight recklessly!
You are too injured to fight recklessly!
You are too injured to fight recklessly!
You are too injured to fight recklessly!
You are too injured to fight recklessly!
You closely miss the orc.
The orc zaps a wand.
The bolt of acid hits you.
* * * LOW HITPOINT WARNING * * *
You are splashed with acid!
You die...

......# ####P.# .
....P.# #.#
....P.####.#####
...P#.#....#...##
..P.............##
.P..#............####...
....#............o......
#.###...........@#
............รท...##
#######...##...##
##########


You could see an orc.

Vanquished Creatures
  A wight (D:3)
  4 adders
  A worm (D:3)
  2 dart slugs
  4 leopard geckos
  An orc (D:3)
  15 bats
  3 giant cockroaches
  9 goblins
  5 hobgoblins
  3 quokkas (D:2)
  2 ball pythons (D:3)
  4 frilled lizards
  9 kobolds
  6 rats
69 creatures vanquished.

Notes
Turn   | Place    | Note
-------+----------+-------------------------------------------
     0 | D:1      | Arum the Demonspawn Gladiator began the quest for the Orb.
     0 | D:1      | Reached XP level 1. HP: 16/16 MP: 1/1
   184 | D:1      | Gained mutation: You are partially covered in rugged brown
                  | scales. (AC +1, +3% HP) [demonic ancestry]
   184 | D:1      | Reached XP level 2. HP: 8/22 MP: 2/2
   812 | D:1      | Reached XP level 3. HP: 28/28 MP: 3/3
  1573 | D:2      | Gained mutation: You have sharp toenails. [demonic
                  | ancestry]
  1573 | D:2      | Reached XP level 4. HP: 35/35 MP: 4/4
  2249 | D:3      | Gained mutation: You are mostly covered in rugged brown
                  | scales. (AC +2, +5% HP) [demonic ancestry]
  2249 | D:3      | Reached XP level 5. HP: 31/43 MP: 5/5
  2361 | D:3      | Splashed by an orc's acid

Levels and vault maps discovered:
D:1:      ncdulo_halloftheorcs, layout_basic
D:2:      layout_basic
D:3:      cheibrodos_old_hovel, layout_rooms

Skill      XL: |  1  2  3  4 |
---------------+-------------+-----
Long Blades    | 3 |  3.8
Dodging        | 3 |  3.7
Fighting       | 3 |  3.4
Throwing       | |  1.7

Action                   |  1- 3 |  4- 6 || total
-------------------------+-------+-------++-------
Melee: Long sword        |   108 |    71 ||   179
 Stab: Sleeping          |     2 |       ||     2
  Eat: Chunk             |     2 |     3 ||     5
Armor: Leather armour    |    58 |     4 ||    62
       Ring mail         |       |    26 ||    26
Dodge: Dodged            |    94 |    64 ||   158
       Rpst.: Long sword |    26 |    17 ||    43
